 Dungeon Crawl Stone Soup version 0.28-a0-1510-gd0f6b136d3 (webtiles) character file.

Game seed: 6748364101568759059

7315 croobank the Covert (level 11, -3/54 HPs)
             Began as an Octopode Summoner on Jan 15, 2022.
             Was a Priest of Hepliaklqana.
             Killed by an exploding themself (36 damage)
             ... ignited by their inner flame
             ... on level 1 of the Lair of Beasts.
             The game lasted 01:04:22 (12746 turns).

croobank the Covert (Octopode Summoner)            Turns: 12746, Time: 01:04:23

Health: -3/54      AC:  8    Str: 11    XL:     11   Next: 13%
Magic:  10/21      EV: 17    Int: 25    God:    Hepliaklqana [***...]
Gold:   542        SH:  0    Dex: 18    Spells: 0/23 levels left

rFire   . . .      SeeInvis .   a - +3 flail (protect)
rCold   . . .      Faith    +   (no shield)
rNeg    . . .      Spirit   .   (helmet restricted)
rPois   .          Reflect  .   d - amulet of faith
rElec   .          Harm     .   l - +6 ring of intelligence
rCorr   .          Rampage  .   B - +6 ring of dexterity
Will    +....                   L - ring of willpower
Stlth   ++++++....              (no ring)
HPRegen 0.18/turn               (no ring)
MPRegen 0.17/turn               (no ring)
                                (no ring)
                                (no ring)

@: lethally poisoned (-3 -> -9), under a protective aura
A: reduced essence, almost no armour, amphibious, 8 rings, camouflage 1,
gelatinous body 1, (nimble swimmer 1), tentacles, tentacle spike 1, subdued
magic 1
a: Renounce Religion, Recall Ancestor, Ancestor Identity, Transference


You were on level 1 of the Lair of Beasts.
You worshipped Hepliaklqana.
Hepliaklqana was most pleased with you.
You visited 3 branches of the dungeon, and saw 11 of its levels.
You also visited: Sewer.

You collected 581 gold pieces.
You spent 39 gold pieces at shops.

Inventory:

Hand Weapons
 a - a +3 flail of protection (weapon)
 b - a +0 hunting sling
 q - a +0 morningstar
 s - a +0 mace
 A - a +0 halberd
 E - a +0 shortbow
 I - a +4 quarterstaff of chaos
 O - a +0 war axe of flaming
Missiles
 i - 60 sling bullets
 r - 274 stones
 x - 28 bolts
 F - 143 arrows
Armour
 Q - a +0 hat
 T - a +0 tower shield
Magical Staves
 e - a staff of death
Jewellery
 d - an amulet of faith (around mantle)
 l - a +6 ring of intelligence (left tentacle)
 B - a +6 ring of dexterity (right tentacle)
 L - a ring of willpower (on tentacle)
Wands
 G - a wand of mindburst (7)
 H - a wand of polymorph (3)
 J - a wand of paralysis (9)
 P - a wand of flame (10)
Scrolls
 f - 2 scrolls of fog
 j - a scroll of silence
 m - a scroll of teleportation
 n - 2 scrolls of blinking
 v - 2 scrolls of summoning {unknown}
 y - a scroll of vulnerability {unknown}
 z - a scroll of amnesia {unknown}
 C - a scroll of noise {unknown}
 M - a scroll of enchant armour
 N - a scroll of fear
Potions
 c - a potion of cancellation {unknown}
 g - 5 potions of lignification
 h - 7 potions of curing
 k - 3 potions of magic
 o - a potion of heal wounds {unknown}
 p - 2 potions of ambrosia
 t - 2 potions of attraction {unknown}
 u - 2 potions of invisibility
 w - a potion of degeneration {unknown}
 D - a potion of flight {unknown}
 K - a potion of haste {unknown}
 R - a potion of might {unknown}
Miscellaneous
 S - a phantom mirror


   Skills:
 + Level 6.8 Maces & Flails
 + Level 7.4 Dodging
 + Level 10.6 Stealth
 + Level 6.9 Spellcasting
 + Level 5.2 Conjurations
 + Level 8.3 Summonings


You couldn't memorise any spells.
You knew the following spells:

 Your Spells              Type           Power      Damage    Failure   Level
a - Summon Small Mammal   Summ           100%       N/A       1%          1
b - Call Imp              Summ           38%        N/A       1%          2
c - Call Canine Familiar  Summ           38%        N/A       1%          3
d - Summon Guardian Gole  Hex/Summ       22%        N/A       2%          3
e - Summon Lightning Spi  Summ/Air       22%        N/A       10%         4
f - Dazzling Flash        Conj/Hex       32%        N/A       5%          3
g - Iskenderun's Mystic   Conj/Tloc      16%        2d5       19%         4
h - Stone Arrow           Conj/Erth      32%        3d9       5%          3

Your spell library contained the following spells:

 Spells                   Type           Power      Damage    Failure   Level
 Corpse Rot               Necr/Air       12%        N/A       9%          2
 Ensorcelled Hibernation  Hex/Ice        12%        N/A       9%          2
 Poisonous Vapours        Pois/Air       12%        N/A       9%          2
 Spider Form              Tmut/Pois      6%         N/A       17%         3
 Anguish                  Hex/Necr       3%         N/A       52%         4
 Iron Shot                Conj/Erth      8%         9d3       97%         6
 Starburst                Conj/Fire      8%         6d4       97%         6
 Ozocubu's Refrigeration  Ice            3%         4d5       100%        7


Dungeon Overview and Level Annotations

Branches:
Dungeon (9/15)             Temple (1/1) D:4            Lair (1/6) D:8
  Sewer (visited)
    Orc: D:9-12

Altars:
Ashenzari
Cheibriados
Dithmenos
Elyvilon
Fedhas
Gozag
Hepliaklqana
Kikubaaqudgha
Makhleb
Nemelex Xobeh
Okawaru
Qazlal
Ru
Sif Muna
Trog
Uskayaw
Vehumet
Wu Jian
Xom
Yredelemnul
Zin
The Shining One

Shops:
D:1 !=*

Annotations:
D:5 2 transporters, tatocazan's ghost, novice GrFi


Innate Abilities, Weirdness & Mutations

Your life essence is reduced to manifest your ancestor. (-10% HP)
You cannot wear most types of armour.
You are amphibious.
You can wear up to eight rings at the same time.
Your skin changes colour to match your surroundings (Stealth+).
Your rubbery body absorbs attacks. (AC +1, EV +1)
((You are camouflaged when in or above water. (Stealth+)))
You have tentacles for arms and can constrict up to eight enemies at once.
One of your tentacles bears a spike.
Your spells are a little easier to cast, but a little less powerful.


Message History

The six-headed hydra closely misses your wolf.
The six-headed hydra barely misses your wolf.
Your wolf bites the six-headed hydra!
The water moccasin bites you!
Andrew Joseph completely misses the six-headed hydra.
Your guardian golem overheats!
Your lightning spire shoots out a bolt of lightning at the six-headed hydra!
The bolt of electricity hits the six-headed hydra!
You hit the water moccasin.
Your weapon exudes an aura of protection.
Your grab misses the water moccasin.
Your tentacle spike misses the water moccasin.
Your squeeze misses the water moccasin.
The water moccasin is lightly wounded.
You feel very sick.
Your wolf bites the six-headed hydra.
The water moccasin bites you but does no damage.
The six-headed hydra bites your lightning spire but does no damage. x2
The six-headed hydra bites your lightning spire!
Flame seeps out of your guardian golem.
The six-headed hydra bites your lightning spire.
Flame seeps out of your guardian golem.
The six-headed hydra bites your lightning spire but does no damage.
The six-headed hydra bites your lightning spire.
Flame seeps out of your guardian golem.
Your wolf bites the six-headed hydra.
Andrew Joseph hits the six-headed hydra with a +0 flail!
Your guardian golem is engulfed in blazing flames.
Your guardian golem disappears in a puff of smoke!
Your guardian golem explodes!
The fiery explosion engulfs your lightning spire.
Your lightning spire resists.
The fiery explosion engulfs your white imp!!!
Your white imp is burned terribly!
Your white imp dies!
Your white imp disappears in a puff of smoke!
The fiery explosion engulfs your wolf!!
The fiery explosion engulfs the water moccasin!!
The water moccasin dies!
The fiery explosion engulfs you!!!
Ouch! That really hurt!
You die...

#.......#
.......
##......#
.......
#......#
.......
###...##
.......
#....#
.....RD
##.####
.....8h##
#..#
#....○§##
#..##
#†@.###...#
#.#...#....#
# #........#
##.......#
##.....##
#.....#
........#
...#..##..#
..P##.# #..#


You could see the friendly Andrew Joseph the knight (sheltered), a six-headed
hydra (ally target), a friendly wolf (summoned, sheltered) and a friendly
lightning spire (summoned, sheltered).

Vanquished Creatures
  Grinder (D:3)
  Edmund (D:6)
  2 ice beasts (D:6)
  2 black bears
  4 centaurs
  Blork the orc (D:6)
  2 scorpions
  A howler monkey (D:7)
  A nameless horror (D:7)
  2 orc priests
  A bullfrog skeleton (D:7)
  A centaur skeleton (D:4)
  An orc wizard (D:5)
  A killer bee zombie (D:5)
  A howler monkey skeleton (D:5)
  A river rat (Sewer)
  7 adders
  A white imp (D:5)
  A worm (D:4)
  4 dart slugs
  12 orcs
  2 bats
  4 endoplasms
  4 giant cockroaches
  8 goblins
  6 hobgoblins
  4 kobolds
  A quokka (D:4)
  5 ball pythons
  8 frilled lizards
  5 rats
95 creatures vanquished.

Vanquished Creatures (collateral kills)
  A hydra (Lair:1)
  The ghost of siradein the Skirmisher, a novice DjBe of Trog (D:6)
  A komodo dragon (Lair:1)
  A rime drake (Lair:1)
  Prince Ribbit (D:9)
  A wraith (D:7)
  A wyvern (D:9)
  2 acid dragons (D:8)
  2 ice beasts
  2 orc warriors
  2 sky beasts
  3 black bears
  A necrophage (D:5)
  An ogre (D:5)
  A bullfrog (D:8)
  4 killer bees (D:8)
  An orc priest (D:7)
  A jelly (D:4)
  2 iguanas (D:6)
  Terence (D:3)
  4 orc wizards
  2 hound skeletons (D:4)
  6 adders
  A river rat (D:3)
  4 white imps
  2 worms (D:3)
  A dart slug (D:5)
  17 orcs
  3 endoplasms
  A giant cockroach (D:3)
  A hobgoblin (D:2)
  2 ball pythons
  2 bats
  5 frilled lizards
  A kobold (D:2)
  2 rats (D:1)
  2 bushes (D:4)
86 creatures vanquished.

Vanquished Creatures (others)
  Gastronok (Lair:1)
  An elephant (D:8)
  Sigmund (D:3)
  A wyvern (D:8)
  Menkaure (D:6)
  A water moccasin (Lair:1)
  A water moccasin zombie (D:5)
  A killer bee (D:8)
  Crazy Yiuf (D:2)
  An ancestor (D:6)
  6 fungi
  6 plants (D:4)
22 creatures vanquished.

Grand Total: 203 creatures vanquished

Notes
Turn   | Place    | Note
-------+----------+-------------------------------------------
     0 | D:1      | croobank the Octopode Summoner began the quest for the Orb.
     0 | D:1      | Reached XP level 1. HP: 11/11 MP: 3/3
    77 | D:1      | Reached skill level 3 in Stealth
    77 | D:1      | Reached XP level 2. HP: 11/17 MP: 1/5
   285 | D:1      | Found Zacwi's General Store.
   289 | D:1      | Learned a level 2 spell: Call Imp
   307 | D:1      | Found a faded altar of an unknown god.
   346 | D:1      | Found Atuymm's Jewellery Shoppe.
   623 | D:1      | Found Deegi's Distillery.
   675 | D:1      | Bought a potion of curing for 39 gold pieces
   853 | D:2      | Reached XP level 3. HP: 15/21 MP: 6/6
   880 | D:2      | Learned a level 3 spell: Call Canine Familiar
  1510 | D:2      | Found a runed translucent door.
  1511 | D:2      | Noticed Crazy Yiuf
  1735 | D:2      | Reached XP level 4. HP: 21/27 MP: 7/7
  2353 | D:3      | Found a glowing drain.
  2363 | D:3      | Reached skill level 4 in Stealth
  2374 | Sewer    | Entered a sewer
  2583 | Sewer    | Reached XP level 5. HP: 31/31 MP: 4/9
  2868 | Sewer    | Reached skill level 1 in Maces & Flails
  3629 | D:3      | Noticed Grinder
  3674 | D:3      | Learned a level 3 spell: Summon Guardian Golem
  3686 | D:3      | Killed Grinder
  3687 | D:3      | Reached skill level 5 in Stealth
  3687 | D:3      | Reached skill level 5 in Summonings
  3687 | D:3      | Reached XP level 6. HP: 20/36 MP: 3/11
  3873 | D:3      | Noticed Terence
  3893 | D:3      | Killed Terence
  4056 | D:3      | Noticed Sigmund
  4076 | D:3      | Killed Sigmund
  4077 | D:3      | Reached XP level 7. HP: 21/41 MP: 1/12
  4426 | D:4      | Found a staircase to the Ecumenical Temple.
  4467 | Temple   | Entered the Ecumenical Temple
  4506 | Temple   | Became a worshipper of Hepliaklqana the Forgotten
  4648 | D:4      | You fall into a shaft and drop 3 floors!
  4656 | D:7      | Got the Compendium of Freezing Earth
  4677 | D:7      | Noticed a wraith
  4702 | D:7      | Killed a wraith
  4751 | D:7      | Gained mutation: Your spells are a little easier to cast,
                  | but a little less powerful. [potion of mutation]
  4751 | D:7      | Gained mutation: One of your tentacles bears a spike.
                  | [potion of mutation]
  4762 | D:7      | Reached skill level 6 in Stealth
  4979 | D:6      | Reached XP level 8. HP: 31/46 MP: 8/14
  5172 | D:6      | Found a runed translucent door.
  5184 | D:6      | Noticed siradein's ghost (novice DjBe)
  5409 | D:6      | Reached * piety under Hepliaklqana
  5664 | D:6      | Noticed Menkaure
  5673 | D:6      | Killed Menkaure
  5674 | D:6      | Reached skill level 5 in Dodging
  5674 | D:6      | Reached skill level 7 in Stealth
  5762 | D:6      | Noticed Edmund
  5788 | D:6      | Killed Edmund
  5794 | D:6      | Learned a level 4 spell: Summon Lightning Spire
  5887 | D:5      | Entered Level 5 of the Dungeon
  5937 | D:5      | Reached skill level 1 in Conjurations
  5953 | D:5      | Reached XP level 9. HP: 27/45 MP: 7/16
  6077 | D:5      | Learned a level 3 spell: Dazzling Flash
  6336 | D:4      | Reached skill level 5 in Spellcasting
  6710 | D:4      | Reached ** piety under Hepliaklqana
  6711 | D:4      | Remembered your ancestor Andrew Joseph as a knight
  7221 | D:5      | Noticed tatocazan's ghost (novice GrFi)
  7231 | D:5      | Found a transporter.
  7723 | D:6      | Reached skill level 8 in Stealth
  8296 | D:6      | Noticed Blork the orc
  8308 | D:6      | Killed Blork the orc
  8912 | D:6      | Reached skill level 5 in Maces & Flails
  9179 | D:6      | Killed siradein's ghost
  9289 | D:5      | Found a transporter.
  9455 | D:2      | Killed Crazy Yiuf
 10196 | D:7      | Found an ornate altar of the Wu Jian Council.
 10196 | D:7      | Found an ancient bone altar of Kikubaaqudgha.
 10314 | D:7      | Reached skill level 9 in Stealth
 10314 | D:7      | Reached XP level 10. HP: 50/50 MP: 15/18
 10396 | D:8      | Found a staircase to the Lair.
 10396 | D:8      | Noticed an elephant
 10408 | D:8      | Killed an elephant
 10606 | D:8      | Reached *** piety under Hepliaklqana
 10741 | D:8      | Learned a level 4 spell: Iskenderun's Mystic Blast
 11393 | D:8      | HP: 2/50 [themself (40)]
 11731 | D:9      | Found a basalt altar of Yredelemnul.
 11733 | D:9      | Noticed a profane servitor
 11740 | D:9      | Found a glowing golden altar of the Shining One.
 11742 | D:9      | Noticed an angel
 11838 | D:9      | Noticed Prince Ribbit
 11844 | D:9      | Killed Prince Ribbit
 11934 | D:9      | Noticed a boulder beetle
 12212 | Lair:1   | Entered Level 1 of the Lair of Beasts
 12223 | Lair:1   | Noticed Gastronok
 12251 | Lair:1   | Killed Gastronok
 12252 | Lair:1   | Reached skill level 10 in Stealth
 12289 | Lair:1   | Reached skill level 5 in Conjurations
 12437 | Lair:1   | Reached XP level 11. HP: 28/54 MP: 18/21
 12614 | Lair:1   | Learned a level 3 spell: Stone Arrow
 12649 | Lair:1   | Noticed a six-headed hydra
 12655 | Lair:1   | Killed a six-headed hydra
 12735 | Lair:1   | Noticed a six-headed hydra
 12746 | Lair:1   | Killed by an exploding themself... ignited by their inner
                  | flame

Illustrated notes

Levels and vault maps discovered:
D:1:      doesnt_arrival_eight_statues, layout_rooms, serial_shops,
          nicolae_shop_stone, shop, shop, shapermc_ecumenical_altar_ellora,
          minmay_small_reverse_x
D:2:      layout_loops_cross, minmay_misc_feat_chi, uniq_crazy_yiuf_cottage
D:3:      layout_basic, portal_sewer_entry_b, uniq_grinder, uniq_sigmund,
          uniq_terence
D:4:      layout_cave_pools, minmay_temple_entry_mist, serial_forest,
          infiniplex_forest_lined_4_way, infiniplex_forest_clump_double,
          infiniplex_forest_zigzag_1, infiniplex_forest_split,
          infiniplex_forest_straight_2, infiniplex_forest_end_double
D:5:      layout_basic, gammafunk_ghost_stat_death
D:6:      layout_loops_corners, ebering_ghost_reflecting_pool,
          uniq_blork_the_orc, uniq_menkaure, uniq_edmund
D:7:      layout_loops_ring, gammafunk_temple_overflow_pools,
          hangedman_decor_lopped
D:8:      layout_basic, david_lair_generic
D:9:      minmay_the_grid_3x2 [minmay_the_grid_outer_circle,
          minmay_the_grid_holed_spiral, minmay_the_grid_tiny_cups,
          minmay_the_grid_minigrid_small_alt, minmay_the_grid_outer_diamond,
          minmay_the_grid_prize_shrinking_boxes], layout_rooms,
          grunt_temple_overflow_holy_war, grunt_decor_fettered,
          nicolae_concentric_dashed_squares_wild, uniq_grum, uniq_prince_ribbit1
Temple:   regret_index_temple_mists
Lair:1:   layout_cave_pods, uniq_erica, uniq_gastronok

Skill      XL: |  1  2  3  4  5  6  7  8  9 10 |
---------------+-------------------------------+-----
Stealth        | 3 4 5 6 7 9 10 | 10.6
Dodging        | 3 4 5 6 7 |  7.4
Maces & Flails | 2 3 4 5 6 |  6.8
Spellcasting   | 3 4 5 6 |  6.9
Summonings     | 5 6 7 8 |  8.3
Conjurations   | 1 3 5 |  5.2

Action                   |  1- 3 |  4- 6 |  7- 9 | 10-12 || total
-------------------------+-------+-------+-------+-------++-------
Melee: Unarmed           |    16 |       |       |       ||    16
       Tentacles         |    16 |    22 |    51 |     7 ||    96
       Constrict         |    13 |    22 |    29 |     4 ||    68
       Staff             |    38 |    60 |       |       ||    98
       Punch             |       |     3 |     5 |     1 ||     9
       Flail             |       |     5 |   158 |    30 ||   193
       Kick              |       |       |    68 |    16 ||    84
 Cast: Summon Small Mamm |    18 |    18 |     9 |     7 ||    52
       Call Imp          |     9 |    10 |    15 |     7 ||    41
       Call Canine Famil |     2 |    11 |    21 |    11 ||    45
       Summon Guardian G |       |     1 |    25 |    15 ||    41
       Summon Lightning  |       |       |     9 |     5 ||    14
       Dazzling Flash    |       |       |       |     2 ||     2
       Stone Arrow       |       |       |       |     1 ||     1
Invok: Ancestor Identity |       |       |     1 |       ||     1
       Recall Ancestor   |       |       |     1 |     1 ||     2
       Ancestor Life: Kn |       |       |     1 |       ||     1
  Use: Scroll            |     4 |     6 |     4 |     2 ||    16
       Potion            |       |     1 |     1 |     1 ||     3
 Stab: Sleeping          |     5 |     8 |     7 |     4 ||    24
       Distracted        |       |     1 |     1 |       ||     2
Armor: Skin              |     4 |     4 |    15 |    13 ||    36
Dodge: Dodged            |    31 |    35 |    91 |    41 ||   198

Table legend: (Time is in decaauts)
 A = Elapsed time spent in this place.
 B = Non-inter-level travel time spent in this place.
 C = Inter-level travel time spent in this place.
 D = Time resting spent in this place.
 E = Time spent auto-exploring this place.
 F = Levels seen in this place.
 G = Mean time per level.
                   A        B        C        D        E       F      G
               +--------+--------+--------+--------+--------+-----+--------+
         Total |  12801 |  12402 |    399 |   2225 |   7548 |  12 | 1066.8 |
       Dungeon |  11274 |  10898 |    376 |   1783 |   6839 |   9 | 1252.7 |
        Temple |    142 |    119 |     23 |      0 |     99 |   1 |  142.0 |
          Lair |    534 |    534 |      0 |    168 |    261 |   1 |  534.0 |
         Sewer |    850 |    850 |      0 |    274 |    349 |   1 |  850.0 |
               +--------+--------+--------+--------+--------+-----+--------+

Top non-repeatable levels by time:
     D:6: 2629 daAuts
     D:2: 1690 daAuts
     D:8: 1564 daAuts
     D:3: 1316 daAuts
     D:5: 1075 daAuts
     D:7: 1022 daAuts
     D:4: 880 daAuts
   Sewer: 850 daAuts
     D:1: 831 daAuts
  Lair:1: 534 daAuts
     D:9: 262 daAuts
  Temple: 142 daAuts
